 Dungeon Crawl Stone Soup version 0.31.0-1-g2c135a008e (webtiles) character file.

Game seed: 17288143415133705490

326 qw the Shooter (level 6, -2/51 HPs)
             Began as a Djinni Hunter on Jan 23, 2024.
             Slain by Edmund
             ... wielding a +2 flail of protection
              (9 damage)
             ... on level 4 of the Dungeon.
             The game lasted 00:00:12 (2499 turns).

qw the Shooter (Djinni Hunter)                      Turns: 2499, Time: 00:00:13

Health: -2/51      AC:  5    Str:  9    XL:     6   Next: 78%
Gold:   216        EV: 11    Int: 10    God:
                   SH:  0    Dex: 22

rFire   + + .        a - +0 shortbow
rCold   x . .        (shield currently unavailable)
rNeg    . . .        d - +0 ring mail
rPois   inf          (helmet restricted)
rElec   .            (no cloak)
rCorr   .            (no gloves)
SInv    .            (boots unavailable)
Will    +....        (no amulet)
Stlth   +            (no ring)
HPRegen 0.28/turn    (no ring)
MPRegen 0.00/turn

%: infuse magic (-3 HP)
@: flying
A: sickness immunity, fire resistance 2, cold vulnerability 1, float, innate
caster, HP casting, extra vitality 1, antennae 1, agile 1, strong-willed 1,
robust 1
a: no special abilities


You were on level 4 of the Dungeon.
You visited 1 branch of the dungeon, and saw 4 of its levels.

You collected 246 gold pieces.
You spent 30 gold pieces at shops.


Innate Abilities, Weirdness & Mutations

You are immune to sickness and miasma.
You are immune to poison.
Your flesh is very heat resistant. (rF++)
You are vulnerable to cold. (rC-)
You float through the air rather than walking.
You learn spells naturally, not from books.
Your magical power is your life essence.
You have superior vitality. (+4 MHP)
You have a pair of small antennae on your head.
You are agile. (Dex +4, Str/Int -1)
You are strong-willed. (Will+)
You are robust. (+10% HP)


   Skills:
 - Level 4.2 Fighting
 + Level 5.0 Ranged Weapons
 - Level 1.0 Armour
 - Level 3.0 Dodging
 - Level 0.7 Stealth


You knew the following spells:

 Your Spells              Type           Power      Damage    Failure   Level
a - Sting                 Conj/Alch      0%         1d3       71%         1
b - Jinxbite              Hex            0%         N/A       85%         2
Your spell library was empty.

Inventory:

Hand Weapons
 a - a +0 shortbow (weapon)
Armour
 d - a +0 ring mail (worn)
Scrolls
 c - a scroll of vulnerability {unknown}
Potions
 b - a potion of berserk rage {unknown}
 f - 3 potions of enlightenment
 g - 2 potions of curing
 i - a potion of brilliance {unknown}
 k - a potion of degeneration {unknown}

Dungeon Overview and Level Annotations

Branches:
Dungeon (4/15)
 Temple: D:4-7

Altars:
Makhleb

Shops:
D:2 !

Annotations:
D:4 Edmund


Message History

Edmund barely misses you.
Edmund hits you with a +2 flail of protection!
You shoot an arrow.
The arrow hits Edmund but does no damage.
Edmund hits you with a +2 flail of protection.
2491 ||| DRINKING potion of heal wounds.
You feel much better. Edmund hits you but does no damage.
You shoot an arrow. The arrow hits Edmund.
Edmund is lightly wounded.
Edmund hits you with a +2 flail of protection!
You shoot an arrow.
The arrow hits Edmund but does no damage.
Edmund is lightly wounded.
Edmund hits you but does no damage.
Edmund hits you with a +2 flail of protection!
You shoot an arrow. The arrow hits Edmund.
Edmund is lightly wounded.
Edmund closely misses you.
You shoot an arrow. The arrow hits Edmund.
Edmund is moderately wounded.
Edmund hits you with a +2 flail of protection!
You shoot an arrow. The arrow barely misses Edmund.
Edmund hits you with a +2 flail of protection.
Edmund hits you with a +2 flail of protection!
A quokka comes into view.
You shoot an arrow. The arrow barely misses Edmund.
The arrow hits the quokka!
You kill the quokka!
Edmund barely misses you.
You shoot an arrow.
The arrow hits Edmund but does no damage.
Edmund is moderately wounded.
Edmund barely misses you.
You shoot an arrow.
The arrow hits Edmund but does no damage.
Edmund is moderately wounded.
Edmund barely misses you.
Edmund hits you with a +2 flail of protection!
You die...
Edmund says, "That'll show my brother!"

.....#.# #......
##.#.#.# #...... # #
#.#.#.### #...... .#
.# #.#.#...# #......
.##. #.#.###.#
#...... #...
#%...<#.# #......#..#
####.###.###.......)#
.).#.......###'###.#
##.#)..........@@%.#
.........#.####.####
##.#.#####.# #..#
#.#.# ###.###.##
##.#.###.......#####
.........#.####....#
.#.....#.#.# #....#
.#...### #.# #....#
.#...###.#.# #......


You could see Edmund.

Vanquished Creatures
  2 scorpions
  A howler monkey (D:4)
  A crimson imp (D:3)
  Robin (D:2)
  An adder (D:2)
  A ribbon worm (D:2)
  A dart slug (D:3)
  4 orcs (D:3)
  7 ball pythons
  9 bats
  9 endoplasms
  3 giant cockroaches
  15 goblins
  11 hobgoblins
  8 jackals
  5 kobolds
  6 quokkas
  A frilled lizard (D:1)
  7 rats
93 creatures vanquished.

Notes
Turn   | Place    | Note
-------+----------+-------------------------------------------
     0 | D:1      | qw the Djinni Hunter began the quest for the Orb.
     0 | D:1      | Reached XP level 1. HP: 18/18 MP: 0/0
     0 | D:1      | 0 ||| qw: Version: 0.3-a-136-gdd3b4e8
     0 | D:1      | 0 ||| qw: Game counter: 1139
     0 | D:1      | 0 ||| qw: Melee chars always use a shield: true
     0 | D:1      | 0 ||| qw: God list: Okawaru
     0 | D:1      | 0 ||| qw: Allow faded altars: false
     0 | D:1      | 0 ||| qw: Do Orc after clearing Dungeon:15 true
     0 | D:1      | 0 ||| qw: Do second Lair branch before Depths: true
     0 | D:1      | 0 ||| qw: Lair rune preference: random
     0 | D:1      | 0 ||| qw: Goals: Normal
     0 | D:1      | 0 ||| PLANNING D:1-11
   117 | D:1      | Reached XP level 2. HP: 23/23 MP: 0/0
   290 | D:1      | Reached skill level 4 in Ranged Weapons
   290 | D:1      | Reached XP level 3. HP: 21/28 MP: 0/0
   290 | D:1      | Learned a level 1 spell: Sting
   561 | D:1      | HP: 6/29 [jackal (3)]
   564 | D:1      | HP: 2/29 [jackal (2)]
   717 | D:1      | Found a faded altar of an unknown god.
   717 | D:1      | Noticed a sixfirhy
   833 | D:1      | 833 ||| UPGRADING to +0 ring mail.
   843 | D:1      | 843 ||| DROPPING +0 leather armour.
   844 | D:1      | 844 ||| READING 2 scrolls labelled PONEDA DOGAO.
   844 | D:1      | 844 ||| IDENTIFYING puce potion
   845 | D:1      | 845 ||| DRINKING potion of mutation.
   845 | D:1      | Gained mutation: You have a pair of small antennae on your
                  | head. [potion of mutation]
   845 | D:1      | Gained mutation: You are robust. (+10% HP) [potion of
                  | mutation]
   845 | D:1      | Gained mutation: You are agile. (Dex +4, Str/Int -1)
                  | [potion of mutation]
   845 | D:1      | Gained mutation: You are strong-willed. (Will+) [potion of
                  | mutation]
   851 | D:1      | 851 ||| READING scroll of identify.
   851 | D:1      | 851 ||| IDENTIFYING brown potion
   852 | D:1      | 852 ||| READING scroll labelled JURCHA DASH.
   853 | D:1      | 853 ||| DROPPING scroll of butterflies.
   890 | D:2      | Noticed Robin
   891 | D:2      | 891 ||| STAIRDANCE
   918 | D:2      | 918 ||| STAIRDANCE
   946 | D:2      | 946 ||| STAIRDANCE
   950 | D:1      | Reached skill level 1 in Armour
   951 | D:1      | Reached XP level 4. HP: 24/37 MP: 0/0
  1025 | D:2      | Killed Robin
  1026 | D:2      | Reached skill level 3 in Fighting
  1032 | D:2      | Found Jimichet's Distillery.
  1078 | D:2      | 1078 ||| SHOPLISTING 2 potions of resistance (200 gold,
                  | have 75).
  1078 | D:2      | 1078 ||| BUYING potion of curing (30 gold).
  1078 | D:2      | Bought a potion of curing for 30 gold pieces
  1078 | D:2      | 1078 ||| SHOPLISTING potion of haste (100 gold, have 45).
  1078 | D:2      | 1078 ||| SHOPLISTING potion of mutation (80 gold, have 45).
  1256 | D:2      | Reached skill level 3 in Dodging
  1394 | D:2      | Reached XP level 5. HP: 44/44 MP: 0/0
  1394 | D:2      | Learned a level 2 spell: Jinxbite
  1531 | D:2      | 1531 ||| READING 2 scrolls of identify.
  1531 | D:2      | 1531 ||| IDENTIFYING green potion
  1532 | D:2      | 1532 ||| READING scroll of identify.
  1532 | D:2      | 1532 ||| IDENTIFYING lumpy amethyst potion
  1533 | D:2      | 1533 ||| READING 3 scrolls labelled RIXTYSK KIEVYLU.
  1534 | D:2      | 1534 ||| READING scroll labelled YPEEWU WYNUNK.
  1535 | D:2      | 1535 ||| DROPPING 2 scrolls of revelation.
  1729 | D:3      | Found a burning altar of Makhleb.
  1763 | D:3      | Reached skill level 5 in Ranged Weapons
  1763 | D:3      | Reached XP level 6. HP: 50/50 MP: 0/0
  2274 | D:3      | 2274 ||| READING scroll of identify.
  2274 | D:3      | 2274 ||| IDENTIFYING metallic silvery potion
  2275 | D:3      | 2275 ||| DRINKING 2 sedimented pink potions.
  2276 | D:3      | 2276 ||| DROPPING potion of ambrosia.
  2277 | D:3      | 2277 ||| DROPPING potion of attraction.
  2477 | D:4      | Noticed Edmund
  2478 | D:4      | 2478 ||| RETREEEEATING.
  2479 | D:4      | 2479 ||| RETREEEEATING.
  2487 | D:4      | 2487 ||| ZAPPING wand of flame (1) at -2,-1 (Edmund;
                  | broken_door).
  2490 | D:4      | HP: 11/51 [Edmund/+2 flail of protection (3)]
  2491 | D:4      | 2491 ||| DRINKING potion of heal wounds.
  2496 | D:4      | HP: 6/51 [Edmund/+2 flail of protection (8)]
  2499 | D:4      | Slain by Edmund

Levels and vault maps discovered:
D:1:      dpeg_arrival_connections, layout_basic,
          dreamdust_ecumenical_altar_sealed_demon
D:2:      layout_rooms, serial_shops, shop, uniq_robin
D:3:      layout_basic, grunt_temple_overflow_lords_of_destruction
D:4:      layout_basic, dancing_weapons_uskayaw, roderic_lattice_a, uniq_edmund

Skill      XL: |  1  2  3  4  5  6 |
---------------+-------------------+-----
Ranged Weapons | 4 5 |  5.0
Armour         | 1 |  1.0
Fighting       | 3 4 |  4.2
Dodging        | 3 |  3.0
Stealth        | |  0.7

Action                     |  1- 3 |  4- 6 || total
---------------------------+-------+-------++-------
   Fire: Shortbow          |   112 |   187 ||   299
  Evoke: Wand              |       |     1 ||     1
    Use: Scroll            |     3 |     5 ||     8
         Potion            |     1 |     2 ||     3
 Armour: Leather armour    |    35 |       ||    35
         Ring mail         |    25 |    83 ||   108
  Dodge: Dodged            |    81 |    70 ||   151

Table legend:
 A = Non-vault XP
 B = Vault XP
 C = Vault XP percentage of total XP
 D = Non-vault monster count
 E = Vault monster count
 F = Vault count percentage of total count
                 A         B        C        D         E       F
            +---------+---------+-------+---------+---------+-------
      Total |     382 |      84 |  18.0 |      81 |      12 |  12.9
            +---------+---------+-------+---------+---------+-------
        D:1 |      55 |      19 |  25.7 |      33 |      10 |  23.3
        D:2 |      59 |      15 |  20.3 |      25 |       1 |   3.8
        D:3 |     117 |      50 |  29.9 |      14 |       1 |   6.7
        D:4 |     151 |       0 |   0.0 |       9 |       0 |   0.0
            +---------+---------+-------+---------+---------+-------
